 Dungeon Crawl Stone Soup version 0.29-a0-824-gd827844252 (webtiles) character file.

Game seed: 3473502441989187804

56 xian the Trooper (level 3, -7/29 HPs)
             Began as a Demonspawn Fighter on July 9, 2022.
             Mangled by Sigmund
             ... wielding a +0 scythe of distortion
              (21 damage)
             ... on level 2 of the Dungeon.
             The game lasted 00:05:20 (1734 turns).

xian the Trooper (Demonspawn Fighter)               Turns: 1734, Time: 00:05:24

Health: -7/29      AC:  9    Str: 18    XL:     3   Next: 69%
Magic:  3/3        EV:  6    Int:  9    God:
Gold:   33         SH:  4    Dex: 12    Spells: 2/2 levels left

rFire   . . .      SeeInvis .   a - +0 long sword
rCold   . . .      Faith    .   c - +0 buckler
rNeg    . . .      Spirit   .   i - +0 chain mail
rPois   .          Reflect  .   (no helmet)
rElec   .          Harm     .   (no cloak)
rCorr   .          Rampage  .   (no gloves)
Will    .....                   (no boots)
Stlth   ..........              g - amulet of the acrobat
HPRegen 0.09/turn               (no ring)
MPRegen 0.16/turn               (no ring)

@: no status effects
A: powered by death 1, magic regeneration
a: no special abilities


You were on level 2 of the Dungeon.
You visited 1 branch of the dungeon, and saw 2 of its levels.

You collected 77 gold pieces.
You spent 44 gold pieces at shops.

Inventory:

Hand Weapons
 a - a +0 long sword (weapon)
Missiles
 b - 3 atropa-tipped darts (quivered)
Armour
 c - a +0 buckler (worn)
 i - a +0 chain mail (worn)
Jewellery
 g - an amulet of the acrobat (around neck)
Scrolls
 f - 2 scrolls of teleportation
 l - 2 scrolls of immolation
 m - a scroll of blinking
Potions
 d - a potion of ambrosia
 e - a potion of flight
 h - a potion of haste
 j - a potion of might
 k - a potion of lignification


   Skills:
 + Level 3.3 Fighting
 + Level 2.4 Long Blades
 + Level 3.3 Armour
 + Level 0.3 Dodging
 + Level 3.0 Shields


You had 2 spell levels left.
You didn't know any spells.
Your spell library was empty.

Dungeon Overview and Level Annotations

Branches:
Dungeon (2/15)

Altars:

Shops:
D:1 *

Annotations:
D:2 Sigmund


Innate Abilities, Weirdness & Mutations

You regenerate a little health from kills.
You regenerate magic rapidly.


Message History

As you read the scroll of identify, it crumbles to dust.
d - a potion of ambrosia You open the door.
There is an open door here.
There is an open door here.
Sigmund the Dreaded comes into view.
He is wielding a +0 scythe of distortion and carrying a wand of roots (10).
Sigmund shouts!
Sigmund gestures at you while chanting. The puff of flame misses you.
You throw an atropa-tipped dart. The atropa-tipped dart hits Sigmund.
Sigmund appears confused.
Sigmund seems less confused.
Found a stone staircase leading up.
Sigmund gestures at you while chanting. You resist with significant effort.
You hit Sigmund but do no damage. Sigmund barely misses you.
You strike the helpless Sigmund from behind!
You hit Sigmund.
Sigmund is lightly wounded.
Sigmund is no longer blind.
A rat comes into view.
Sigmund points at you and mumbles some strange words.
The magic dart hits you!
You throw an atropa-tipped dart. The atropa-tipped dart hits Sigmund.
Sigmund appears confused.
Sigmund is lightly wounded.
Sigmund barely misses you.
You slash Sigmund!
Sigmund is heavily wounded.
Sigmund seems less confused.
Sigmund drinks a potion.
Sigmund is healed!
You hit Sigmund.
Sigmund is lightly wounded.
Sigmund completely misses you.
You closely miss Sigmund.
Sigmund is lightly wounded.
Sigmund is no longer blind.
Sigmund hits you with a +0 scythe of distortion!
Space warps horribly around you!!
Ouch! That really hurt!
You die...

######## # #......#
#####.###.####.########
#....r@@..............#
#.###.###.###...###.#.##
.< #.##....# #..... ##
#.#.....# ###.##
#.......# ##.##
#####.#.####..>.
#.#.......##
#.######.### ##'## #.#..


You could see Sigmund and a rat.

Vanquished Creatures
  A gnoll (D:1)
  An adder (D:2)
  A worm (D:2)
  2 dart slugs
  A bat (D:2)
  An endoplasm (D:1)
  2 giant cockroaches
  3 goblins
  4 hobgoblins
  2 jackals (D:2)
  A quokka (D:1)
  5 ball pythons
  A frilled lizard (D:1)
  3 kobolds
28 creatures vanquished.

Vanquished Creatures (others)
  4 fungi (D:2)
  4 plants (D:2)
8 creatures vanquished.

Grand Total: 36 creatures vanquished

Notes
Turn   | Place    | Note
-------+----------+-------------------------------------------
     0 | D:1      | xian the Demonspawn Fighter began the quest for the Orb.
     0 | D:1      | Reached XP level 1. HP: 18/18 MP: 1/1
   111 | D:1      | Found Joqetrics's Assorted Antiques.
   150 | D:1      | Bought a metallic purple potion for 22 gold pieces
   296 | D:1      | Gained mutation: You regenerate a little health from kills.
                  | [demonic ancestry]
   296 | D:1      | Reached XP level 2. HP: 7/24 MP: 2/2
  1260 | D:1      | Bought a green potion for 22 gold pieces
  1327 | D:2      | Gained mutation: You regenerate magic rapidly. [demonic
                  | ancestry]
  1327 | D:2      | Reached XP level 3. HP: 26/29 MP: 3/3
  1724 | D:2      | Noticed Sigmund
  1734 | D:2      | Mangled by Sigmund

Illustrated notes

Levels and vault maps discovered:
D:1:      tarquinn_simple_flora_water_b, layout_basic, serial_shops,
          nicolae_shop_competitors_out_of_business
D:2:      layout_loops_corners, serial_shops, shop,
          dreamdust_ecumenical_altar_hidden_monk_grotto,
          nicolae_concentric_dashed_squares_wild, uniq_sigmund

Skill      XL: |  1  2  3 |
---------------+----------+-----
Armour         | 3 |  3.3
Long Blades    | 2 |  2.4
Shields        | 3 |  3.0
Fighting       | |  3.3
Dodging        | |  0.3

Action                   || total
-------------------------++-------
Melee: Long sword        ||   113
Throw: Dart              ||     5
  Use: Scroll            ||     8
       Potion            ||     2
 Stab: Invisible         ||     1
Armor: Scale mail        ||    16
       Chain mail        ||    40
Dodge: Dodged            ||    59
Block: Buckler           ||    29

Table legend: (Time is in decaauts)
 A = Elapsed time spent in this place.
 B = Non-inter-level travel time spent in this place.
 C = Inter-level travel time spent in this place.
 D = Time resting spent in this place.
 E = Time spent auto-exploring this place.
 F = Levels seen in this place.
 G = Mean time per level.
                   A        B        C        D        E       F      G
               +--------+--------+--------+--------+--------+-----+--------+
         Total |   1772 |   1685 |     87 |      0 |   1182 |   2 |  886.0 |
       Dungeon |   1772 |   1685 |     87 |      0 |   1182 |   2 |  886.0 |
               +--------+--------+--------+--------+--------+-----+--------+

Top non-repeatable levels by time:
     D:1: 1304 daAuts
     D:2: 467 daAuts
